 Dungeon Crawl Stone Soup version 0.25-b1-37-g2669288c55 (webtiles) character file.

Game seed: 7065333570323167083

273466 reltour the Brawler (level 19, 0/193 HPs)
             Began as a Troll Fighter on June 6, 2020.
             Was the Champion of Makhleb.
             Slain by a rakshasa
             ... wielding a +0 trident
              (16 damage)
             ... on level 1 of the Vaults.
             The game lasted 02:19:55 (37179 turns).

reltour the Brawler (Troll Fighter)                Turns: 37179, Time: 02:19:55

Health: 0/193      AC: 13    Str: 29    XL:     19   Next: 50%
Magic:  26/26      EV: 15    Int:  9    God:    Makhleb [******]
Gold:   2801       SH: 19    Dex: 10    Spells: 13/24 levels left

rFire    + . .     SeeInvis +     - Unarmed
rCold    . . .     Gourm    +   e - +2 kite shield {reflect}
rNeg     . . .     Faith    .   p - +0 troll leather armour {Purgy}
rPois    .         Spirit   .   S - +1 hat {MR+}
rElec    +         Reflect  +   H - +2 cloak
rCorr    .         Harm     .   (gloves unavailable)
MR       ++++.                  (boots unavailable)
Stlth    +.........             J - amulet of reflection
HPRegen  1.22/turn              N - ring of see invisible
MPRegen  0.20/turn              I - ring "Sawigace" {Wiz rElec rF+ MR++}

@: invisible
A: large, unfitting armour, claws 3, fast metabolism 3, gourmand, regeneration
1, shaggy fur 1, tough skin 3
}: 2/15 runes: decaying, serpentine
a: Minor Destruction, Lesser Servant of Makhleb, Major Destruction, Greater
Servant of Makhleb, Renounce Religion


You were on level 1 of the Vaults.
You worshipped Makhleb.
Makhleb was exalted by your worship.
You were very full.

You visited 8 branches of the dungeon, and saw 35 of its levels.
You also visited: Sewer and Ice Cave.

You collected 3735 gold pieces.
You spent 934 gold pieces at shops.

Inventory:

Hand Weapons
 O - the +7 great mace "Firestarter" {inner flame, rF++}
   (You found it on level 9 of the Dungeon)

   It has been specially enchanted to burn those struck by it, causing extra
   injury to most foes and up to half again as much damage against particularly
   susceptible opponents.
   It greatly protects you from fire.
Missiles
 g - 905 stones (quivered)
 u - 25 curare-tipped darts
 C - 101 poisoned darts
 T - 76 large rocks
 Z - 3 throwing nets
Armour
 e - a +2 kite shield of reflection (worn)
 p - a +0 troll leather armour (worn) {Purgy}
 H - a +2 cloak (worn)
 S - a +1 hat of magic resistance (worn)
Jewellery
 f - an uncursed ring of resist corrosion
 I - the ring "Sawigace" (right claw) {Wiz rElec rF+ MR++}
   (You found it on level 1 of the Orcish Mines)

   [ring of wizardry]

   It improves your spell success rate.
   It protects you from fire.
   It insulates you from electricity.
   It affects your resistance to hostile enchantments.
 J - an amulet of reflection (around neck)
 N - a ring of see invisible (left claw)
 P - the ring of Xudyc {rN+ MP+9 Dex+2 Slay-3}
   (You bought it in a shop on level 15 of the Dungeon)

   [ring of positive energy]

   It affects your dexterity (+2).
   It affects your accuracy and damage with ranged weapons and melee attacks
   (-3).
   It protects you from negative energy.
   It affects your magic capacity (+9).
 R - the ring of Tyssaot {Wiz +Inv rPois}
   (You found it on level 9 of the Dungeon)

   [ring of wizardry]

   It improves your spell success rate.
   It protects you from poison.
   It lets you turn invisible.
 W - an uncursed ring of protection from cold
Wands
 i - a wand of clouds (5)
 o - a wand of acid (23)
 r - a wand of digging (14)
 v - a wand of disintegration (55)
 x - a wand of enslavement (11)
 A - a wand of iceblast (57)
 Q - a wand of paralysis (29)
 U - a wand of random effects (39)
Scrolls
 k - 5 scrolls of immolation
 l - 4 scrolls of fear
 n - 5 scrolls of magic mapping
 q - 21 scrolls of remove curse
 w - 13 scrolls of teleportation
 y - 2 scrolls of vulnerability
 B - 2 scrolls of blinking
 D - a scroll of fog
 G - 3 scrolls of silence
 L - 4 scrolls of identify
 M - a scroll of holy word
Potions
 c - 11 potions of might
 h - 2 potions of stabbing
 j - 4 potions of heal wounds
 m - 6 potions of lignification
 s - 9 potions of flight
 t - 3 potions of ambrosia
 z - 2 potions of resistance
 E - 3 potions of invisibility
 F - 4 potions of cancellation
 K - 8 potions of curing
 Y - 3 potions of haste
Miscellaneous
 a - a lightning rod (4/4)
 V - a phantom mirror
Comestibles
 d - 56 rations
 X - 27 chunks of flesh


   Skills:
 + Level 13.0 Fighting
 - Level 4.0 Maces & Flails
 - Level 5.0 Armour
 - Level 12.0 Dodging
 * Level 11.6 Shields
 + Level 19.4 Unarmed Combat
 - Level 3.0 Spellcasting
 - Level 5.0 Translocations
 + Level 11.4 Invocations
 - Level 5.0 Evocations


You had 13 spell levels left.
You knew the following spells:

 Your Spells              Type           Power        Failure   Level  Hunger
a - Blink                 Tloc           N/A          2%          2    ###....
b - Controlled Blink      Tloc           N/A          100%        8    #######
c - Apportation           Tloc           ##....       1%          1    ##.....

Your spell library contained the following spells:

 Spells                   Type           Power        Failure   Level  Hunger
 Lesser Beckoning         Tloc           ##........   5%          3    ####...
 Corona                   Hex            #......      13%         1    ##.....
 Foxfire                  Conj/Fire      #...         13%         1    ##.....
 Magic Dart               Conj           #...         13%         1    ##.....
 Shock                    Conj/Air       #...         13%         1    ##.....
 Sting                    Tmut/Pois      #...         13%         1    ##.....
 Summon Small Mammal      Summ           #...         13%         1    ##.....
 Portal Projectile        Hex/Tloc       #.....       14%         3    ####...
 Recall                   Summ/Tloc      N/A          14%         3    ####...
 Call Imp                 Summ           #.......     21%         2    ###....
 Ensorcelled Hibernation  Hex/Ice        #.....       21%         2    ###....
 Poisonous Vapours        Pois/Air       #.....       21%         2    ###....
 Slow                     Hex            #.......     21%         2    ###....
 Swiftness                Chrm/Air       #.......     21%         2    ###....
 Call Canine Familiar     Summ           #.......     36%         3    ####...
 Confusing Touch          Hex            #.......     36%         3    ####...
 Conjure Flame            Conj/Fire      #.......     36%         3    ####...
 Dazzling Flash           Conj/Hex       #.....       36%         3    ####...
 Ignite Poison            Fire/Tmut/Pois #.......     36%         3    ####...
 Inner Flame              Hex/Fire       #.......     36%         3    ####...
 Mephitic Cloud           Conj/Pois/Air  #.......     36%         3    ####...
 Static Discharge         Conj/Air       #.......     36%         3    ####...
 Summon Guardian Golem    Hex/Summ       #.......     36%         3    ####...
 Tukima's Dance           Hex            #.......     36%         3    ####...
 Airstrike                Air            #.........   75%         4    #####..
 Cause Fear               Hex            #.........   75%         4    #####..
 Ice Form                 Ice/Tmut       #.......     75%         4    #####..
 Leda's Liquefaction      Hex/Erth       #.........   75%         4    #####..
 Olgreb's Toxic Radiance  Pois           #.......     75%         4    #####..
 Petrify                  Tmut/Erth      #.......     75%         4    #####..
 Sticky Flame             Conj/Fire      #.......     75%         4    #####..
 Summon Ice Beast         Ice/Summ       #.......     75%         4    #####..
 Summon Lightning Spire   Summ/Air       #.......     75%         4    #####..
 Summon Forest            Summ/Tloc      #.........   75%         5    ######.
 Aura of Abjuration       Summ           #.........   97%         5    ######.
 Fireball                 Conj/Fire      #.........   97%         5    ######.
 Lightning Bolt           Conj/Air       #.........   97%         5    ######.
 Metabolic Englaciation   Hex/Ice        #.........   97%         5    ######.
 Silence                  Hex/Air        #.........   97%         5    ######.
 Summon Demon             Summ           #.........   97%         5    ######.
 Summon Mana Viper        Hex/Summ       #.......     97%         5    ######.
 Yara's Violent Unravell  Hex/Tmut       #.........   97%         5    ######.
 Conjure Ball Lightning   Conj/Air       #.........   100%        6    #######
 Freezing Cloud           Conj/Ice/Air   #.........   100%        6    #######
 Ozocubu's Refrigeration  Ice            #.........   100%        6    #######
 Shadow Creatures         Summ           N/A          100%        6    #######
 Simulacrum               Ice/Necr       #.........   100%        6    #######
 Starburst                Conj/Fire      #.........   100%        6    #######
 Discord                  Hex            #.........   100%        8    #######
 Tornado                  Air            #.........   100%        9    #######


Dungeon Overview and Level Annotations

Branches:
Dungeon (15/15)            Temple (1/1) D:6            Lair (6/6) D:8
  Swamp (4/4) Lair:2        Snake (4/4) Lair:3        Slime (0/5) Lair:6
    Orc (2/2) D:12            Elf (2/3) Orc:2        Vaults (1/5) D:13
 Depths (0/5) D:15          Sewer (visited)           IceCv (visited)

Altars:
Ashenzari
Cheibriados
Dithmenos
Elyvilon
Fedhas
Gozag
Hepliaklqana
Kikubaaqudgha
Makhleb
Nemelex Xobeh
Okawaru
Qazlal
Ru
Sif Muna
Trog
Uskayaw
Vehumet
Wu Jian
Xom
Yredelemnul
Zin
The Shining One
Beogh
Jiyva

Shops:
D:4 (   D:6 :?(%   D:10 ?   D:15 }?*(}   Orc:1 :   Orc:2 (!([   Elf:2 (
Snake:1 }

Annotations:
D:2 Jessica
D:13 1 runed translucent door, exclusion: orange crystal statue
D:14 Rupert
Lair:5 1 runed translucent door
Orc:2 3 runed translucent doors, skumtomte's ghost, journeyman DDFi
Elf:2 5 runed translucent doors


Innate Abilities, Weirdness & Mutations

You are too large for most types of armour.
You have claws for hands.
Your metabolism is lightning-fast.
You like to eat raw meat.
Your natural rate of healing is unusually fast.
You are covered in fur. (AC +1)
You have extremely tough skin. (AC +3)


Message History

You closely miss the rakshasa.
The rakshasa is heavily wounded.
You block the rakshasa's attack. The deep troll bites you!
* * * LOW HITPOINT WARNING * * *
You block the deep troll's attack. The deep troll claws you!
* * * LOW HITPOINT WARNING * * *
The vault warden activates a sealing rune.
You feel much better. The deep troll misses you.
You block the deep troll's attack. x2
The vault warden hits you with a +0 great sword!!
* * * LOW HITPOINT WARNING * * *
The rakshasa hits you with a +0 trident!
* * * LOW HITPOINT WARNING * * *
You block the deep troll's attack. The deep troll claws you.
* * * LOW HITPOINT WARNING * * *
You block the deep troll's attack.
You fade into invisibility!
The deep troll barely misses you. You block the deep troll's attack. x2
The rakshasa hits you with a +0 trident!
You die...

+.......# #.......#
'.......# #.......#
#.......#
#.......###########
'.......#.........#
#.......+..).p....###
#.......+.)รท@p....#.# ##
#.......#..TRT....#.# .##
#.......#.........#.##..##
#.......#......).)#)))...#
#.......#...(....[+)##..##
#.......#........)#)# .##
#.......#.........#.# ##
#.......#############


You could see 2 vault wardens, a rakshasa and 2 deep trolls.

Vanquished Creatures
  Jorgrun (Swamp:3)
  4 thorn hunters
  Donald (Swamp:2)
  Kirke (Swamp:2)
  A fire giant (Orc:1)
  5 nagarajas (Snake:4)
  2 vault wardens (Vaults:1)
  A deep elf sorcerer (Elf:1)
  2 orc warlords (Orc:2)
  Louise (Snake:1)
  2 ironheart preservers (Vaults:1)
  A deep elf demonologist (Elf:2)
  2 deep elf annihilators
  Nessos (D:15)
  A white draconian (IceCv)
  Azrael (Orc:2)
  2 deep elf death magi
  3 ettins
  A deep elf high priest (Elf:1)
  2 vault guards (Vaults:1)
  2 rakshasas (Vaults:1)
  Harold (D:8)
  13 naga warriors
  23 hydras
  4 shambling mangroves
  A ghost crab (Swamp:4)
  7 anacondas
  10 dancing weapons
  6 centaur warriors
  4 two-headed ogres
  2 ogre magi (Vaults:1)
  13 alligators
  9 death yaks
  5 shock serpents
  Urug (Lair:4)
  An orc high priest (Orc:2)
  9 deep elf knights
  14 naga sharpshooters
  5 salamander mystics
  12 swamp dragons
  2 deep trolls (Vaults:1)
  10 deep elf archers
  6 unseen horrors
  A glowing orange brain (shapeshifter) (D:15)
  A glowing orange brain (D:15)
  A spriggan druid (Swamp:4)
  2 ironbrand convokers
  7 orc knights
  10 naga ritualists
  19 mana vipers
  A wolf spider zombie (D:14)
  A wolf spider (D:15)
  6 ugly things
  A stone giant zombie (Orc:1)
  10 salamanders
  An oklob plant (Lair:5)
  2 orc sorcerers
  16 cyclopes
  36 deep elf magi
  A manticore (D:14)
  38 black mambas
  9 elephants
  A black mamba (shapeshifter) (D:15)
  Psyche (D:10)
  2 guardian serpents (Snake:2)
  3 centaur zombies
  18 naga magi
  4 vault sentinels (Vaults:1)
  An ice statue (IceCv)
  2 gargoyles
  18 spiny frogs
  2 centaur skeletons
  12 rime drakes
  3 kobold demonologists (D:14)
  4 komodo dragons
  2 efreet (D:14)
  A freezing wraith (Vaults:1)
  A yaktaur (D:15)
  A troll (shapeshifter) (D:15)
  19 polar bears
  13 tyrant leeches
  5 trolls
  A wolf spider simulacrum (D:15)
  17 hornets
  26 slime creatures
  8 bog bodies
  2 saltlings (Orc:2)
  19 blink frogs
  10 dream sheep
  5 hippogriffs
  A meliai zombie (D:14)
  A snapping turtle (shapeshifter) (D:15)
  20 spriggans
  A wraith (D:14)
  4 water elementals
  5 shadows
  3 wyverns
  64 yaks
  5 fire elementals
  3 air elementals
  A hog (Swamp:1)
  A basilisk (Lair:6)
  24 vampire mosquitoes
  3 hungry ghosts
  8 steam dragons (Lair:6)
  A yaktaur simulacrum (Vaults:1)
  13 wargs
  15 swamp worms
  17 insubstantial wisps
  A soldier ant (D:12)
  4 hell hounds (Orc:2)
  6 porcupines
  56 nagas
  Duvessa (D:4)
  An acid dragon (Vaults:1)
  16 water moccasins
  15 swamp drakes
  4 ice beasts
  45 orc warriors
  A sky beast (D:8)
  Purgy (Sewer)
  5 black bears
  2 necrophages
  16 ogres
  A phantom (D:11)
  An eye of draining (shapeshifter) (D:15)
  8 centaurs
  37 wolves
  4 boggarts (Lair:6)
  4 big kobolds
  8 crocodiles
  19 bullfrogs
  Blork the orc (D:5)
  2 wyvern zombies (D:13)
  3 cyclops zombies (Orc:1)
  3 earth elementals
  3 scorpions
  A wyvern skeleton (D:10)
  Dowan (D:4)
  12 killer bees
  2 vampire bats (Lair:3)
  16 wights
  2 electric eels (Lair:2)
  2 crimson imps
  A bullfrog zombie (D:8)
  4 hounds
  39 orc wizards
  31 orc priests
  2 jellies
  6 bullfrog skeletons
  3 iguanas
  Natasha (twice) (D:2)
  5 worker ants
  A hound zombie (D:8)
  A worker ant zombie (D:7)
  Robin (D:2)
  7 gnolls
  13 adders
  2 howler monkey skeletons
  5 shadow imps
  3 oozes
  2 adder zombies
  An adder skeleton (D:8)
  3 worms
  2 dart slugs (D:1)
  5 leopard geckos
  134 orcs
  7 giant cockroaches
  12 goblins
  9 hobgoblins
  9 jackals
  32 kobolds
  3 quokkas
  2 ball pythons
  13 bats
  7 frilled lizards
  A leopard gecko zombie (D:8)
  A quokka skeleton (D:8)
  5 rats
  A briar patch (Swamp:4)
1428 creatures vanquished.

Vanquished Creatures (collateral kills)
  A naga (Snake:1)
  A porcupine (Lair:1)
  A bullfrog (D:11)
  A wight (D:15)
  A worker ant zombie (D:11)
  3 orcs (Orc:2)
8 creatures vanquished.

Vanquished Creatures (others)
  Asterion (Snake:1)
  A hydra (Swamp:4)
  A death yak (IceCv)
  2 deep elf knights
  2 polar bears (IceCv)
  A tyrant leech (Swamp:1)
  A bog body (Swamp:1)
  3 yaks (IceCv)
  A human (Swamp:2)
  A naga (Snake:4)
  2 wolves (IceCv)
  An orc priest (Orc:2)
  An orc (Orc:2)
  A bush (Lair:4)
  8 fungi
  10 plants
37 creatures vanquished.

Grand Total: 1473 creatures vanquished

Notes
Turn   | Place    | Note
-------+----------+-------------------------------------------
     0 | D:1      | reltour the Troll Fighter began the quest for the Orb.
     0 | D:1      | Reached XP level 1. HP: 22/22 MP: 0/0
   134 | D:1      | Reached XP level 2. HP: 29/29 MP: 1/1
   552 | D:2      | Reached XP level 3. HP: 26/36 MP: 2/2
   578 | D:2      | Noticed Natasha
   592 | D:2      | Killed Natasha
   670 | D:2      | Reached skill level 3 in Unarmed Combat
   670 | D:2      | Reached XP level 4. HP: 44/44 MP: 3/3
   696 | D:2      | Noticed Jessica
   765 | D:2      | Noticed Robin
   776 | D:2      | Killed Robin
   982 | D:2      | Found a faded altar of an unknown god.
   991 | D:2      | Became a worshipper of Sif Muna the Loreminder
   991 | D:2      | Reached * piety under Sif Muna
  1225 | D:2      | Found a sparkling altar of Nemelex Xobeh.
  1254 | D:2      | Noticed Natasha
  1268 | D:2      | Killed Natasha
  1268 | D:2      | Reached XP level 5. HP: 44/53 MP: 4/4
  1481 | D:3      | Reached ** piety under Sif Muna
  1567 | D:3      | Reached XP level 6. HP: 55/61 MP: 5/5
  1744 | D:3      | Reached skill level 4 in Unarmed Combat
  2207 | D:4      | Noticed Dowan
  2208 | D:4      | Noticed Duvessa
  2565 | D:4      | Killed Dowan
  2724 | D:4      | Killed Duvessa
  2833 | D:4      | Found Sisadgh Sagown's Weapon Shoppe.
  2989 | D:5      | Entered Level 5 of the Dungeon
  3104 | D:5      | Noticed Blork the orc
  3108 | D:5      | Killed Blork the orc
  3108 | D:5      | Reached XP level 7. HP: 67/67 MP: 6/6
  3303 | D:5      | Found a glowing drain.
  3327 | Sewer    | Entered a sewer
  3411 | Sewer    | Noticed Purgy
  3416 | Sewer    | Killed Purgy
  3664 | D:6      | Reached *** piety under Sif Muna
  3664 | D:6      | Reached skill level 5 in Unarmed Combat
  3847 | D:6      | Found Pocra's Food Boutique.
  3896 | D:6      | Found Zaups's Magic Scroll Shop.
  3904 | D:6      | Bought a scroll of blinking for 75 gold pieces
  3904 | D:6      | Bought a scroll of identify for 20 gold pieces
  3904 | D:6      | Bought a scroll of silence for 75 gold pieces
  3904 | D:6      | Bought a scroll of teleportation for 30 gold pieces
  3909 | D:6      | Found a staircase to the Ecumenical Temple.
  3956 | Temple   | Entered the Ecumenical Temple
  4200 | Temple   | Fell from the grace of Sif Muna
  4200 | Temple   | Became a worshipper of Makhleb the Destroyer
  4272 | D:6      | Found Mieryh's Book Shop.
  4435 | D:6      | Found Hyseim's Weapon Emporium.
  4518 | D:6      | Reached skill level 5 in Shields
  4534 | D:7      | Reached XP level 8. HP: 78/78 MP: 7/7
  4682 | D:7      | Reached skill level 6 in Unarmed Combat
  4881 | D:7      | Noticed a troll
  4891 | D:7      | Killed a troll
  5031 | D:7      | Reached skill level 7 in Unarmed Combat
  5031 | D:7      | Reached XP level 9. HP: 51/85 MP: 3/8
  5380 | D:7      | Reached * piety under Makhleb
  5425 | D:7      | Reached skill level 5 in Fighting
  5425 | D:7      | Reached skill level 5 in Dodging
  5638 | D:8      | Reached skill level 8 in Unarmed Combat
  5787 | D:9      | Found a hide-covered altar of Uskayaw.
  5857 | D:9      | Reached XP level 10. HP: 96/96 MP: 9/9
  6028 | D:9      | Identified the cursed +1 hand axe "Givasmag" {flame, rElec
                  | rF- MR+}
  6057 | D:9      | Reached ** piety under Makhleb
  6124 | D:9      | Found the +7 great mace "Firestarter" {inner flame, rF++}
  6225 | D:9      | Got a clouded silver ring
  6226 | D:9      | Identified the ring of Tyssaot {Wiz +Inv rPois} (You found
                  | it on level 9 of the Dungeon)
  6769 | D:10     | Entered Level 10 of the Dungeon
  6913 | D:10     | Reached skill level 9 in Unarmed Combat
  7031 | D:10     | Reached skill level 1 in Maces & Flails
  7124 | D:10     | Reached skill level 1 in Invocations
  7171 | D:10     | Reached skill level 1 in Evocations
  7362 | D:10     | Found Inwedeac's Magic Scroll Boutique.
  7381 | D:10     | Bought a scroll of fear for 42 gold pieces
  7635 | D:10     | Noticed Psyche
  7757 | D:11     | Reached *** piety under Makhleb
  7874 | D:11     | Learned a level 2 spell: Blink
  7897 | D:11     | Noticed a green ugly thing
  7911 | D:11     | Killed a cyan ugly thing
  8026 | D:11     | Found an iron altar of Okawaru.
  8388 | D:11     | Was forgiven by Sif Muna
  8588 | D:8      | Reached XP level 11. HP: 104/104 MP: 11/11
  8617 | D:8      | Reached **** piety under Makhleb
  8743 | D:8      | Noticed Harold
  8752 | D:8      | Killed Harold
  8860 | D:8      | Found a staircase to the Lair.
  9370 | Lair:1   | Entered Level 1 of the Lair of Beasts
  9549 | Lair:1   | Reached skill level 10 in Unarmed Combat
 10561 | Lair:2   | Found a staircase to the Swamp.
 10599 | Lair:2   | Identified the Compendium of the Ashen Oath
 11229 | Lair:3   | Found a staircase to the Snake Pit.
 11371 | Lair:3   | Reached XP level 12. HP: 114/114 MP: 13/13
 11543 | Lair:3   | Reached skill level 11 in Unarmed Combat
 11980 | Lair:4   | Noticed a six-headed hydra
 11992 | Lair:4   | Killed a 12-headed hydra
 12073 | Lair:4   | Reached ***** piety under Makhleb
 12482 | Lair:4   | Noticed Urug
 12493 | Lair:4   | Killed Urug
 12814 | Lair:5   | Reached skill level 12 in Unarmed Combat
 12821 | Lair:5   | Noticed a six-headed hydra
 12831 | Lair:5   | Killed a ten-headed hydra
 12857 | Lair:5   | Found a frozen archway.
 12927 | IceCv    | Entered an ice cave
 13101 | IceCv    | Reached XP level 13. HP: 126/126 MP: 15/15
 13210 | IceCv    | Reached skill level 1 in Armour
 13260 | IceCv    | Reached skill level 5 in Evocations
 13381 | IceCv    | Noticed a white draconian
 13428 | IceCv    | Killed a white draconian
 13483 | IceCv    | Reached skill level 13 in Unarmed Combat
 13561 | IceCv    | Got an iridescent rapier
 13750 | Lair:5   | Identified the cursed +0 rapier "Ofuafy" {freeze, rN++}
                  | (You found it in an ice cave)
 14605 | Lair:6   | Entered Level 6 of the Lair of Beasts
 15030 | Lair:6   | Reached ****** piety under Makhleb
 15302 | Lair:6   | Reached XP level 14. HP: 136/139 MP: 16/16
 15323 | Lair:6   | Reached skill level 14 in Unarmed Combat
 15338 | Lair:6   | Found a viscous altar of Jiyva.
 15338 | Lair:6   | Found a staircase to the Slime Pits.
 15527 | Lair:6   | Reached skill level 1 in Translocations
 16518 | Lair:5   | Found a runed translucent door.
 16811 | D:10     | Killed Psyche
 17122 | D:12     | Reached skill level 5 in Invocations
 17175 | D:12     | Found a staircase to the Orcish Mines.
 17297 | D:12     | Reached skill level 5 in Armour
 18063 | D:13     | Found a gate to the Vaults.
 18398 | D:13     | Found a runed translucent door.
 18485 | D:13     | Reached skill level 15 in Unarmed Combat
 18536 | D:13     | Reached XP level 15. HP: 148/148 MP: 18/18
 19310 | D:14     | Noticed Rupert
 19561 | Orc:1    | Entered Level 1 of the Orcish Mines
 19853 | Orc:1    | Reached skill level 10 in Fighting
 19951 | Orc:1    | Found Nosaat's Book Boutique.
 20653 | Orc:1    | Reached skill level 10 in Dodging
 20706 | Orc:1    | Noticed a fire giant
 20722 | Orc:1    | Killed a fire giant
 21135 | Orc:1    | Found the +8 storm bow {elec, penet}
 21135 | Orc:1    | Found the +7 great mace "Undeadhunter" {disrupt, rN+}
 21140 | Orc:1    | Got a transparent wooden ring
 21141 | Orc:1    | Identified the ring "Sawigace" {Wiz rElec rF+ MR++} (You
                  | found it on level 1 of the Orcish Mines)
 21191 | Orc:1    | Identified the +10 morningstar "Atoter" {pain, +Blink
                  | rElec} (You found it on level 1 of the Orcish Mines)
 21196 | Orc:1    | Identified the cursed +0 dagger of the Solstice {freeze,
                  | rElec rF- rC+} (You found it on level 1 of the Orcish
                  | Mines)
 21292 | Orc:2    | Entered Level 2 of the Orcish Mines
 21292 | Orc:2    | Found a staircase to the Elven Halls.
 21352 | Orc:2    | Found a roughly hewn altar of Beogh.
 21353 | Orc:2    | Found Niolom's Distillery.
 21393 | Orc:2    | Bought a potion of degeneration for 12 gold pieces
 21441 | Orc:2    | Found a roughly hewn altar of Beogh.
 21474 | Orc:2    | Noticed Azrael
 21509 | Orc:2    | Noticed an orc warlord
 21523 | Orc:2    | Killed Azrael
 21555 | Orc:2    | Killed an orc warlord
 22081 | Orc:2    | Noticed an orc warlord
 22107 | Orc:2    | Found a runed translucent gate.
 22107 | Orc:2    | Found a runed translucent gate.
 22109 | Orc:2    | Found a runed translucent gate.
 22110 | Orc:2    | Noticed skumtomte's ghost (journeyman DDFi)
 22161 | Orc:2    | Killed an orc warlord
 22269 | Orc:2    | Found a roughly hewn altar of Beogh.
 22324 | Orc:2    | Found Paomys Somm's Antique Weapon Shoppe.
 22326 | Orc:2    | Found a roughly hewn altar of Beogh.
 22340 | Orc:2    | Found Usimmaz's Antique Armour Emporium.
 22405 | Orc:2    | Found a roughly hewn altar of Beogh.
 22425 | Orc:2    | Found Bucain's Antique Weapon Shoppe.
 22485 | Orc:2    | Found a roughly hewn altar of Beogh.
 22625 | D:15     | Entered Level 15 of the Dungeon
 22657 | D:15     | Reached skill level 16 in Unarmed Combat
 22662 | D:15     | Found Harupsef's Assorted Antiques.
 22680 | D:15     | Bought a scorched wooden ring for 110 gold pieces
 22680 | D:15     | Identified the ring of Xudyc {rN+ MP+9 Dex+2 Slay-3} (You
                  | bought it in a shop on level 15 of the Dungeon)
 22822 | D:15     | Found Wiakh's Gadget Boutique.
 23025 | D:15     | Noticed Nessos
 23065 | D:15     | Killed Nessos
 23196 | D:15     | Found Etaustip's Weapon Shoppe.
 23257 | D:15     | Found Duenutir's Gadget Shop.
 23265 | D:15     | Bought a wand of iceblast (6) for 150 gold pieces
 23265 | D:15     | Bought a wand of iceblast (12) for 240 gold pieces
 23265 | D:15     | Bought a wand of iceblast (8) for 180 gold pieces
 23322 | D:15     | Found Huhezick's Magic Scroll Shoppe.
 23463 | D:15     | Reached XP level 16. HP: 158/158 MP: 20/20
 23488 | D:15     | Found a staircase to the Depths.
 23839 | Swamp:1  | Entered Level 1 of the Swamp
 23937 | Swamp:1  | Noticed a thorn hunter
 23949 | Swamp:1  | Killed a thorn hunter
 23949 | Swamp:1  | Reached skill level 5 in Translocations
 24615 | Swamp:2  | Noticed Kirke
 24669 | Swamp:2  | Noticed Donald
 24684 | Swamp:2  | Killed Donald
 24982 | Snake:1  | Entered Level 1 of the Snake Pit
 25014 | Snake:1  | Noticed Asterion
 25045 | Snake:1  | Killed Asterion
 25309 | Snake:1  | Found Anaats's Gadget Shoppe.
 25412 | Snake:1  | Noticed Louise
 25604 | Snake:1  | Killed Louise
 25661 | Snake:1  | Reached skill level 17 in Unarmed Combat
 26844 | Snake:3  | Reached XP level 17. HP: 152/170 MP: 10/22
 27223 | Snake:3  | Found a sparkling altar of Nemelex Xobeh.
 28495 | Snake:4  | Entered Level 4 of the Snake Pit
 28712 | Snake:4  | Reached skill level 18 in Unarmed Combat
 29809 | Snake:4  | Reached skill level 10 in Invocations
 29990 | Snake:4  | Got a serpentine rune of Zot
 30573 | Swamp:2  | Reached XP level 18. HP: 182/182 MP: 24/24
 30702 | Swamp:2  | Killed Kirke
 31369 | Swamp:3  | Noticed Jorgrun
 31377 | Swamp:4  | Entered Level 4 of the Swamp
 31393 | Swamp:4  | Reached skill level 1 in Spellcasting
 31577 | Swamp:3  | Paralysed by a hornet for 3 turns
 31728 | Swamp:3  | Killed Jorgrun
 32788 | Swamp:3  | Reached skill level 19 in Unarmed Combat
 32900 | Swamp:4  | Reached skill level 10 in Shields
 33443 | Swamp:4  | Identified 2 scrolls of acquirement
 33448 | Swamp:4  | Got a decaying rune of Zot
 33459 | Swamp:4  | Got reltour's Handbook of Warped Arcane Weapons
 33469 | Swamp:4  | Learned a level 8 spell: Controlled Blink
 33471 | Swamp:4  | Learned a level 1 spell: Apportation
 33858 | Elf:1    | Entered Level 1 of the Elven Halls
 34273 | Elf:1    | Found a ruined gateway.
 35072 | Elf:1    | Reached XP level 19. HP: 192/192 MP: 26/26
 35678 | Elf:2    | Found Ytumn's Weapon Boutique.
 35808 | Elf:2    | Noticed a Tzitzimitl
 35996 | Elf:2    | Found a huge runed translucent gate.
 35996 | Elf:2    | Found a huge runed translucent gate.
 35997 | Elf:2    | Found a huge runed translucent gate.
 36480 | Elf:2    | Found a huge runed translucent gate.
 36480 | Elf:2    | Found a huge runed translucent gate.
 36590 | Vaults:1 | Entered Level 1 of the Vaults
 37179 | Vaults:1 | Slain by a rakshasa

Illustrated notes

Levels and vault maps discovered:
D:1:      dpeg_arrival_arbitrary_b, layout_rooms
D:2:      layout_basic, chequers_ecumenical_altar_lobes,
          nemelex_dance_club_becter, uniq_jessica, uniq_robin, uniq_natasha
D:3:      layout_basic, kennysheep_generic_room_11
D:4:      layout_loops_ring, serial_shops, kennysheep_little_box, first_ration,
          uniq_duvessa
D:5:      layout_basic, portal_sewer_entry_b, uniq_blork_the_orc
D:6:      layout_cave_pools, minmay_temple_entry_poolview, serial_shops,
          nicolae_shop_statue_plus, kennysheep_mini_moat,
          nicolae_shop_behind_doors, shop, serial_column_ruins,
          column_ruins_hut_ruined, column_ruins_hut, column_ruins_grid_4,
          column_ruins_grid_3, column_ruins_open_small
D:7:      layout_gridville
D:8:      layout_loops_ring, lair_entry_dummy, the_bakery, uniq_harold
D:9:      layout_gridville, eat_drink_and_be_merry_uskayaw
D:10:     layout_stronghold, serial_shops, nicolae_shop_trees, uniq_psyche
D:11:     layout_basic, basic_altar
D:12:     layout_cave_pods, david_orc_3, serial_co_window_serial,
          co_window_paths_a, co_window_paths_b, co_window_of_opportunity_a,
          co_window_corner_a, co_window_of_opportunity_a, co_window_paths_a,
          co_window_paths_b, co_window_paths_a, co_window_of_opportunity_a,
          co_window_of_opportunity_b, co_window_cross_2, co_window_corner_b,
          glass_columns_b, glass_columns_b, glass_columns_c,
          minmay_stone_trees_small
D:13:     layout_loops_ring, erik_vaults_1, minmay_crystal_box
D:14:     layout_small_grid, amethyst_killhole, uniq_rupert
D:15:     gammafunk_enter_depths_forms, layout_irregular_city, serial_shops,
          nicolae_shop_crystal, shop, shop, shop, shop, nicolae_wwwww,
          minmay_three_doors, uniq_nessos
Temple:   minmay_crystal_snake_temple
Lair:1:   layout_chaotic_city, grunt_megastairs_5
Lair:2:   statuecave_lemuel, layout_big_grid, minmay_swamp_entry_worms,
          gammafunk_lair_bear_cave, infiniplex_staircase_pool
Lair:3:   layout_long_grid, dummy_snake_entry, roderic_batcave,
          infiniplex_staircase_pool_2, serial_bayou_shore_b
Lair:4:   layout_roguey, uniq_urug
Lair:5:   layout_cave_pods, portal_ice_cave_entry_pillars_1, pf_torpor_hydra
Lair:6:   minmay_lair_end_enchanted_forest, layout_gridlike, slime_altar_1,
          grunt_forest_stairs_basic, bobbens_dragon_lair_wall
Swamp:1:  layout_basic_swamp, evilmike_swamp_ruin_rubble_1
Swamp:2:  layout_falls_marsh, evilmike_swamp_ruin_house_4, uniq_kirke,
          uniq_donald
Swamp:3:  layout_basic_swamp, evilmike_swamp_ruin_house_1, uniq_jorgrun
Swamp:4:  swamp, layout_basic_swamp
Snake:1:  layout_misc_corridors, serial_shops, shop, corexii_hall_statues_l,
          drop_trap, uniq_louise, uniq_asterion
Snake:2:  layout_basic, drop_trap, evilmike_ambush [evilmike_ambush_outer_basic,
          evilmike_ambush_inner_pond]
Snake:3:  layout_layer_cave, basic_altar
Snake:4:  minmay_snake_end_coiled, layout_rooms
Orc:1:    giant_chief_lemuel, layout_diamond_mine, serial_shops,
          nicolae_shop_temple_entry_statues_fountains, nooodl_orcs_dogs
Orc:2:    grunt_orc_community_town_hall, layout_diamond_mine,
          grunt_orc_community_big_house_1, grunt_orc_community_big_house_2,
          grunt_orc_community_house_3, grunt_orc_community_house_1,
          grunt_orc_community_house_1, grunt_orc_community_house_1,
          grunt_orc_community_house_2, ebering_ghost_rock_garden, uniq_azrael
Elf:1:    hangedman_staggered_hall, layout_gridlike, mu_enter_wizlab_7,
          portal_desolation_entry_salt, serial_shops, bzr_entry_safe,
          kennysheep_underground_church
Elf:2:    layout_loops_corners, serial_shops, nicolae_shop_stone, fountainhead
Vaults:1: nicolae_vaults_triangles, vaults_room_grunt_arrival_ludios,
          hangedman_vaults_trim, nicolae_vaults_twisting_passages,
          v_alt_pattern_1, nicolae_vaults_windows_and_doors_thing,
          ontoclasm_vaults_eye, vaults_room_stairs_pillars,
          ontoclasm_vaults_twist, layout_vaults_omnicross, basic_altar

Skill      XL: |  1  2  3  4  5  6  7  8  9 10 11 12 13 14 15 16 17 18 19 |
---------------+----------------------------------------------------------+-----
Shields        | 3 4 5 6 7 8 9 10 11 | 11.6
Unarmed Combat | 3 4 5 7 8 9 10 12 13 15 16 17 18 19 | 19.4
Fighting       | 3 4 5 6 7 9 10 11 12 13 | 13.0
Dodging        | 3 4 5 6 7 8 9 10 11 12 | 12.0
Maces & Flails | 2 3 4 |  4.0
Invocations    | 2 3 4 5 7 8 10 11 | 11.4
Evocations     | 1 3 4 5 |  5.0
Armour         | 3 5 |  5.0
Translocations | 3 4 5 |  5.0
Spellcasting   | 3 |  3.0

Action                   |  1- 3 |  4- 6 |  7- 9 | 10-12 | 13-15 | 16-18 | 19-21 || total
-------------------------+-------+-------+-------+-------+-------+-------+-------++-------
Melee: Unarmed           |    76 |   228 |   326 |   935 |  1869 |  1890 |   327 ||  5651
Throw: Stone             |       |     3 |       |       |     1 |       |       ||     4
       Dart              |       |     2 |     3 |       |     3 |       |       ||     8
 Cast: Blink             |       |       |       |       |       |     6 |     1 ||     7
Invok: Lesser Servant of |       |       |       |     2 |     2 |     3 |       ||     7
       Minor Destruction |       |       |       |       |     2 |       |       ||     2
Evoke: Wand              |       |       |       |     7 |    10 |    89 |       ||   106
       Lightning rod     |       |       |       |       |    10 |    15 |       ||    25
  Use: Scroll            |       |     3 |     9 |    16 |    10 |    14 |       ||    52
       Potion            |       |       |       |       |       |     7 |     3 ||    10
 Stab: Sleeping          |     1 |     1 |     1 |       |       |       |       ||     3
       Distracted        |       |       |       |     2 |     2 |       |       ||     4
       Paralysed         |       |       |       |    10 |     6 |       |       ||    16
  Eat: Chunk             |    12 |    20 |    32 |    72 |    92 |    97 |    18 ||   343
       Ration            |       |       |       |       |       |     4 |       ||     4
Armor: Robe              |    20 |    46 |     4 |       |       |       |       ||    70
       Troll leather arm |       |       |    57 |   140 |   239 |   364 |    40 ||   840
Dodge: Dodged            |    25 |    61 |   127 |   470 |   940 |   871 |    88 ||  2582
Block: Kite shield       |    32 |    86 |   155 |   504 |   854 |  1534 |   252 ||  3417
       Reflection        |       |       |       |       |       |   154 |    19 ||   173
